 Dungeon Crawl Stone Soup version 0.22.1-5-g62c59d919a (webtiles) character file.

3685 Forgol the Carver (level 9, -2/82 HPs)
             Began as a Minotaur Fighter on Jan 15, 2019.
             Killed from afar by an electric eel (9 damage)
             ... with a bolt of electricity
             ... on level 7 of the Dungeon.
             The game lasted 00:16:31 (5942 turns).

Forgol the Carver (Minotaur Fighter)                Turns: 5942, Time: 00:16:32

Health: -2/82      AC: 13    Str: 24    XL:     9   Next: 90%
Magic:  8/8        EV:  6    Int:  9    God:
Gold:   340        SH: 17    Dex: 10    Spells: 8/8 levels left

rFire    . . .     SeeInvis .   a - +1 long sword
rCold    . . .     Gourm    .   x - +0 large shield
rNeg     . . .     Faith    .   b - +1 scale mail
rPois    .         Spirit   .   (helmet restricted)
rElec    .         Reflect  .   z - +0 cloak
rCorr    .         Harm     .   (no gloves)
MR       .....                  v - +1 pair of boots
Stlth    ..........             (no amulet)
HPRegen  0.23/turn              m - ring of flight
MPRegen  0.11/turn              i - +4 ring of intelligence

@: very slow
A: retaliatory headbutt, horns 2
a: Evoke Flight


You were on level 7 of the Dungeon.
You were not hungry.

You visited 2 branches of the dungeon, and saw 8 of its levels.
You also visited: Sewer.

You collected 340 gold pieces.

Inventory:

Hand Weapons
 a - a +1 long sword (weapon)
Armour
 b - a +1 scale mail (worn)
 c - a +0 shield
 v - a +1 pair of boots (worn)
 x - a +0 large shield (worn)
 z - a +0 cloak (worn)
Jewellery
 i - a +4 ring of intelligence (right hand)
 m - a ring of flight (left hand)
Wands
 s - a wand of paralysis (26)
Scrolls
 h - 2 scrolls of remove curse
 o - a scroll of noise
 p - 6 scrolls of teleportation
 q - a scroll of amnesia
 w - a scroll of silence {unknown}
 y - 3 scrolls of identify
 B - 2 scrolls of enchant armour
Potions
 d - 2 potions of might
 e - 2 potions of mutation {unknown}
 g - 3 potions of lignification {unknown}
 j - a potion of berserk rage {unknown}
 k - 3 potions of curing {unknown}
 l - 2 potions of agility {unknown}
 r - 8 potions of flight {unknown}
 u - a potion of magic {unknown}
 A - a potion of heal wounds {unknown}
Comestibles
 f - 13 rations
 n - 3 chunks of flesh


   Skills:
 + Level 8.4 Fighting
 * Level 10.9 Long Blades
 + Level 8.5 Armour
 + Level 8.4 Shields


You had 8 spell levels left.
You didn't know any spells.
Your spell library contained the following spells:

 Spells                   Type           Power        Failure   Level  Hunger
 Corona                   Hex            #......      100%        1    ##.....
 Slow                     Hex            #.......     100%        2    ###....
 Inner Flame              Hex/Fire       #.......     100%        3    ####...
 Portal Projectile        Hex/Tloc       #.....       100%        3    ####...
 Cause Fear               Hex            #.........   100%        4    #####..
 Leda's Liquefaction      Hex/Erth       #.........   100%        4    #####..
 Silence                  Hex/Air        #.........   100%        5    ######.
 Yara's Violent Unravell  Hex/Tmut       #.........   100%        5    ######.
 Deflect Missiles         Chrm/Air       #.........   100%        6    #######
 Discord                  Hex            #.........   100%        8    #######


Dungeon Overview and Level Annotations

Branches:
Dungeon (7/15)             Temple (1/1) D:7

Altars:
Ashenzari
Cheibriados
Dithmenos
Elyvilon
Gozag
Makhleb
Nemelex Xobeh
Okawaru
Ru
Sif Muna
Trog
Uskayaw
Vehumet
Wu Jian
Xom
Zin


Innate Abilities, Weirdness & Mutations

You reflexively headbutt those who attack you in melee.
You have a pair of horns on your head.


Message History

You enter the shallow water.
Moving in this stuff is going to be slow.
The electric eel shoots out a bolt of lightning at you!
The bolt of electricity hits you! x2
The bolt of electricity hits the electric eel.
The electric eel completely resists.
You hit the electric eel.
The electric eel is lightly wounded.
You miss the electric eel. Your headbutt misses the electric eel.
The electric eel is lightly wounded.
The electric eel shoots out a bolt of lightning at you!
The bolt of electricity hits you!
* * * LOW HITPOINT WARNING * * *
The bolt of electricity hits you!
* * * LOW HITPOINT WARNING * * *
The bolt of electricity hits the electric eel.
The electric eel completely resists.
The electric eel shoots out a bolt of lightning at you!
The bolt of electricity hits you!
You die...

.#.#. #.......##(....#.
.#..... #.....##(((##..#.
.≈≈##!. #..............##
≈#≈≈.#.##..........##.##
≈≈≈≈≈≈.............##.#
⌠.≈≈≈≈≈........)#####.###
.≈.≈≈≈≈.#...........#....
.≈≈≈≈≈#;#...........#...#
.≈≈≈≈≈≈;@.....#........#.
..≈≈#≈≈≈≈#.##[).......#)#
<)≈≈≈≈≈≈...##[[.#####..#.
⌠.≈≈≈≈≈≈≈.!.....#.....#.#
.≈#≈≈≈≈≈≈..#....####..[#.
.≈≈≈≈≈≈...#....# #....#
.##≈≈≈.#.......####.....
≈#≈≈#...##............ ≈≈
#o.. .........#.#.


You could see 2 electric eels.

Vanquished Creatures
  The ghost of ciphuk the Geomancer, a novice DDEE (D:6)
  Pikel (D:5)
  A hippogriff (D:7)
  A spriggan (D:6)
  2 sky beasts
  The ghost of Adamkad1 the Chucker, an amateur OgHu (D:4)
  A necrophage (D:6)
  3 centaurs
  6 bullfrogs
  7 scorpions
  An electric eel (D:7)
  A howler monkey (D:7)
  2 bullfrog zombies
  2 crimson imps
  A jelly (D:7)
  Crazy Yiuf (D:5)
  3 orc priests
  4 hounds
  2 orc wizards (D:5)
  A bullfrog skeleton (D:6)
  2 centaur skeletons
  3 iguanas
  3 worker ants (D:4)
  A hound zombie (D:6)
  A worker ant zombie (D:6)
  3 gnolls (D:7)
  12 adders
  A howler monkey skeleton (D:4)
  A shadow imp (D:7)
  2 oozes
  3 adder skeletons
  3 worms
  9 dart slugs
  6 leopard geckos
  9 orcs
  6 giant cockroaches
  4 goblins
  4 hobgoblins
  12 jackals
  5 kobolds
  4 quokkas
  5 ball pythons
  17 bats
  2 frilled lizards
  4 rats
164 creatures vanquished.

Vanquished Creatures (others)
  Sigmund (D:5)
  A crimson imp (D:5)
  An adder skeleton (D:5)
  2 orcs (D:5)
5 creatures vanquished.

Grand Total: 169 creatures vanquished

Notes
Turn   | Place    | Note
-------+----------+-------------------------------------------
     0 | D:1      | Forgol the Minotaur Fighter began the quest for the Orb.
     0 | D:1      | Reached XP level 1. HP: 19/19 MP: 0/0
   176 | D:1      | Reached XP level 2. HP: 27/27 MP: 1/1
   243 | D:1      | Reached skill level 3 in Long Blades
   417 | D:2      | Found a sacrificial altar of Ru.
   610 | D:2      | Reached XP level 3. HP: 33/33 MP: 2/2
  1192 | D:3      | Reached XP level 4. HP: 34/40 MP: 3/3
  1222 | D:3      | Reached skill level 4 in Long Blades
  1410 | D:3      | Found a bloodstained altar of Trog.
  1751 | D:4      | Noticed a bullfrog
  1763 | D:4      | Killed a bullfrog
  1763 | D:4      | Reached XP level 5. HP: 44/47 MP: 4/4
  1777 | D:4      | Found a shadowy altar of Dithmenos.
  1985 | D:4      | Reached skill level 5 in Long Blades
  1991 | D:4      | Reached XP level 6. HP: 51/55 MP: 5/5
  2079 | D:4      | Reached skill level 5 in Shields
  2094 | D:4      | Reached skill level 5 in Fighting
  2094 | D:4      | Reached skill level 5 in Armour
  2146 | D:4      | Found a runed door.
  2147 | D:4      | Noticed Adamkad1's ghost (amateur OgHu)
  2165 | D:4      | Killed Adamkad1's ghost
  2165 | D:4      | Reached skill level 6 in Long Blades
  2524 | D:5      | Entered Level 5 of the Dungeon
  2527 | D:5      | Found a shimmering altar of Xom.
  2539 | D:5      | Found a burning altar of Makhleb.
  2545 | D:5      | Reached XP level 7. HP: 58/61 MP: 6/6
  2603 | D:5      | Found a glowing drain.
  2620 | D:5      | Noticed Pikel
  2622 | D:5      | Noticed Sigmund
  2645 | D:5      | Killed Pikel
  2645 | D:5      | Reached skill level 7 in Long Blades
  2645 | D:5      | Reached XP level 8. HP: 10/70 MP: 7/7
  2648 | D:5      | Killed Sigmund
  2653 | Sewer    | Entered a sewer
  2658 | Sewer    | HP: 3/70 [bat (1)]
  3288 | D:5      | Reached skill level 8 in Long Blades
  3568 | D:5      | Found a runed door.
  3638 | D:5      | Noticed Crazy Yiuf
  3644 | D:5      | Killed Crazy Yiuf
  4017 | D:6      | Found a runed door.
  4024 | D:6      | Noticed ciphuk's ghost (novice DDEE)
  4089 | D:6      | Reached skill level 9 in Long Blades
  4305 | D:6      | Reached XP level 9. HP: 57/79 MP: 8/8
  4828 | D:6      | Killed ciphuk's ghost
  4828 | D:6      | Reached skill level 10 in Long Blades
  5360 | D:7      | Found a staircase to the Ecumenical Temple.
  5371 | Temple   | Entered the Ecumenical Temple
  5942 | D:7      | Killed from afar by an electric eel

Skill      XL: |  1  2  3  4  5  6  7  8  9 |
---------------+----------------------------+-----
Long Blades    | 3 4 5 6 7 9 10 | 10.9
Fighting       | 4 5 6 7 8 |  8.4
Armour         | 4 5 6 7 8 |  8.5
Shields        | 4 5 6 7 8 |  8.4

Action                   |  1- 3 |  4- 6 |  7- 9 || total
-------------------------+-------+-------+-------++-------
Melee: Long sword        |    85 |   120 |   322 ||   527
       Headbutt          |    12 |    28 |    65 ||   105
  Use: Scroll            |     1 |     8 |     1 ||    10
       Potion            |       |       |     1 ||     1
  Eat: Chunk             |     1 |     4 |     9 ||    14
       Ration            |       |       |     1 ||     1
Armor: Scale mail        |    38 |    45 |   123 ||   206
Dodge: Dodged            |    26 |    36 |    89 ||   151
Block: Shield            |    51 |    59 |    82 ||   192
       Large shield      |       |       |   177 ||   177
       Rpst.: Long sword |     3 |     8 |    21 ||    32
